[Event "Team 45 45 League T54"]
[Site "Internet Chess Club"]
[Date "2012.09.01"]
[Round "3"]
[White "pkktet"]
[Black "jrobic7"]
[Result "1-0"]
[WhiteElo "1828"]
[BlackElo "1832"]
[Opening "Ruy Lopez: exchange, Gligoric variation"]
[ECO "C69"]
[Time "09:00:28"]
[TimeControl "2700+45"]

1. e4 e5 2. Nf3 Nc6 3. Bb5 a6 4. Bxc6 dxc6 5. O-O f6 6. d4 Bg4 7. dxe5 Qxd1 8.
Rxd1 fxe5 9. b3 Bxf3 10. gxf3 Bd6 11. Bb2 Nf6 12. f4 Nxe4 13. Re1 Nc5 14. fxe5
Be7 15. Nc3 O-O 16. Rad1 Rad8 17. Rxd8 Rxd8 18. Rd1 Rxd1+ 19. Nxd1 Bg5 20. Kg2
Ne6 21. Kf3 c5 22. Ke4 Kf7 23. Ne3 Bxe3 24. Kxe3 Kg6 25. Ke4 c6 26. f4 Kf7 27.
f5 Ng5+ 28. Kf4 Nh3+ 29. Kg3 Ng5 30. Kg4 Ne4 31. Kf4 Nd2 32. e6+ Kf8 33. Be5 c4
34. Bc3 Nf1 35. h3 cxb3 36. axb3 b5 37. Bb4+ Ke8 38. Kf3 c5 39. Bxc5 Nd2+ 40.
Kf4 Nb1 41. Bb4 a5 42. Bxa5 Na3 43. c3 Nc2 44. Ke4 Na1 45. b4 Nc2 46. Bb6 Na3
47. Kd5 Ke7 48. Bc5+ Ke8 49. Kc6 h5 50. Bd4 Kf8 51. Kd7 {Black resigns} 1-0

[Event "Team 45 45 League T54"]
[Site "Internet Chess Club"]
[Date "2012.09.03"]
[Round "3"]
[White "CamNewton"]
[Black "Jack-ONeill"]
[Result "1-0"]
[WhiteElo "2187"]
[BlackElo "2044"]
[Opening "Sicilian: closed"]
[ECO "B23"]
[Time "14:35:04"]
[TimeControl "2700+45"]

1. e4 c5 2. Nc3 g6 3. f4 Bg7 4. Nf3 Nc6 5. Bb5 Nd4 6. O-O Nxb5 7. Nxb5 d5 8. e5
a6 9. Nc3 Bg4 10. h3 Bxf3 11. Qxf3 e6 12. d4 cxd4 13. Ne2 Ne7 14. Qb3 Nc6 15.
Qxb7 Qc8 16. Qb3 O-O 17. Bd2 Qc7 18. Qa3 Rfb8 19. Rab1 a5 20. Qg3 Bf8 21. h4 Bc5
22. Kh1 Ne7 23. Qd3 Nf5 24. h5 gxh5 25. Ng3 Nxg3+ 26. Qxg3+ Kh8 27. Qh3 Rg8 28.
f5 Rg4 29. fxe6 fxe6 30. Rbe1 Rag8 31. Re2 Qg7 32. Rf3 a4 33. Rf6 Rg3 34. Qxe6
Rxg2 35. Qxg8+ Qxg8 36. Rxg2 Qc8 37. e6 Be7 38. Bg5 d3 39. cxd3 d4 40. Rf7 Bxg5
41. Rxg5 h6 42. Re5 Qc1+ 43. Kg2 Qxb2+ 44. Kg3 h4+ 45. Kg4 Qg2+ 46. Kh5 Qh2 47.
Rff5 Qg3 48. e7 Kg7 49. e8=N+ Kg8 50. Nf6+ Kg7 51. Re7+ Kf8 52. Rh7 Qg1 53. Ng4+
Ke8 54. Rff7 Qd1 {Black resigns} 1-0

[Event "Team 45 45 League T54"]
[Site "Internet Chess Club"]
[Date "2012.09.01"]
[Round "3"]
[White "Ptzz"]
[Black "jorobo"]
[Result "1-0"]
[WhiteElo "2131"]
[BlackElo "1964"]
[Opening "King's Indian: orthodox, Aronin-Taimanov, bayonet attack"]
[ECO "E97"]
[Time "15:00:15"]
[TimeControl "2700+45"]

1. d4 Nf6 2. c4 g6 3. Nc3 Bg7 4. e4 d6 5. Be2 O-O 6. Nf3 e5 7. O-O Nc6 8. d5 Ne7
9. b4 Nh5 10. Re1 f5 11. Ng5 Nf6 12. Bf3 c6 13. Bb2 h6 14. Ne6 Bxe6 15. dxe6 Ne8
16. Qb3 Kh7 17. Rad1 Qc8 18. c5 dxc5 19. bxc5 Nc7 20. Rd7 Re8 21. Red1 Ng8 22.
exf5 gxf5 23. Bh5 Re7 24. Bf7 Bf6 25. Qc2 e4 26. Nxe4 Bxb2 27. Qxb2 Rxd7 28.
Rxd7 Qxd7 29. Bxg8+ {Black resigns} 1-0

[Event "Team 45 45 League T54"]
[Site "Internet Chess Club"]
[Date "2012.09.03"]
[Round "3"]
[White "bshribharath"]
[Black "PandorasBox"]
[Result "0-1"]
[WhiteElo "1828"]
[BlackElo "1890"]
[Opening "French: Albin-Alekhine-Châtard attack"]
[ECO "C13"]
[Time "19:04:10"]
[TimeControl "2700+45"]

1. e4 e6 2. d4 d5 3. Nc3 Nf6 4. Bg5 Be7 5. e5 Nfd7 6. h4 h6 7. Bxe7 Qxe7 8. Qd2
Nc6 9. a3 Nb6 10. b4 Bd7 11. b5 Nb8 12. a4 a5 13. Rb1 Qa3 14. Rb3 Qa1+ 15. Qd1
Qxd1+ 16. Kxd1 O-O 17. Nf3 Nc8 18. Bd3 Ne7 19. Ke2 b6 20. Nd2 f5 21. exf6 Rxf6
22. g4 Rf4 23. Ke3 Rxg4 24. Rbb1 e5 25. dxe5 d4+ 26. Ke2 dxc3 27. Be4 c6 28. Kf3
cxd2 29. bxc6 Rxe4 30. Kxe4 Bxc6+ {White resigns} 0-1

[Event "Team 45 45 League T54"]
[Site "Internet Chess Club"]
[Date "2012.09.03"]
[Round "3"]
[White "pishd"]
[Black "azbycx"]
[Result "1-0"]
[WhiteElo "1712"]
[BlackElo "1833"]
[Opening "King's Indian: London system"]
[ECO "A48"]
[Time "06:05:18"]
[TimeControl "2700+45"]

1. d4 Nf6 2. Nf3 g6 3. Bf4 Bg7 4. e3 O-O 5. Be2 c5 6. c3 b6 7. Nbd2 Bb7 8. O-O
Nc6 9. h3 d5 10. Qa4 Nd7 11. Bb5 Qc8 12. Rfe1 a6 13. Bd3 b5 14. Qd1 e5 15. dxe5
Ncxe5 16. Nxe5 Nxe5 17. Bf1 f5 18. a4 Qc6 19. Nf3 Nxf3+ 20. Qxf3 bxa4 21. Qd1
Qb6 22. Qxa4 Qxb2 23. Rab1 Qxc3 24. Rec1 Qd2 25. Rc2 Bc6 26. Qa2 {Black resigns}
1-0

[Event "Team 45 45 League T54"]
[Site "Internet Chess Club"]
[Date "2012.09.02"]
[Round "3"]
[White "birk113"]
[Black "mongmong"]
[Result "1/2-1/2"]
[WhiteElo "1475"]
[BlackElo "1670"]
[Opening "French: advance, Paulsen attack"]
[ECO "C02"]
[Time "05:07:31"]
[TimeControl "2700+45"]

1. e4 e6 2. d4 d5 3. e5 c5 4. c3 Nc6 5. Nf3 Qb6 6. Be2 cxd4 7. cxd4 Nh6 8. Nc3
Nf5 9. Na4 Bb4+ 10. Bd2 Qa5 11. Bc3 b5 12. a3 Bxc3+ 13. Nxc3 b4 14. axb4 Qxb4
15. Qa4 Qxa4 16. Rxa4 Bd7 17. Bb5 O-O 18. O-O a6 19. Bxc6 Bxc6 20. Raa1 Rfb8 21.
Rab1 Rb6 22. g4 Ne7 23. Nd2 Rab8 24. b3 Bb5 25. Rfc1 Bd3 26. Ra1 Bb5 27. Nxb5
axb5 28. Ra7 Ng6 29. Rcc7 Rf8 30. Nf3 Rbb8 31. Ng5 Nf4 32. Nxf7 Rbc8 33. Nh6+
Kh8 34. Nf7+ Kg8 35. Nh6+ Kh8 36. Nf7+ Kg8 37. Nh6+ {Game drawn by repetition}
1/2-1/2

[Event "Team 45 45 League T54"]
[Site "Internet Chess Club"]
[Date "2012.08.31"]
[Round "3"]
[White "Kravier"]
[Black "akshayk06"]
[Result "1-0"]
[WhiteElo "1645"]
[BlackElo "1476"]
[Opening "Queen's bishop game"]
[ECO "D02"]
[Time "22:10:22"]
[TimeControl "2700+45"]

1. Nf3 Nf6 2. d4 d5 3. Bf4 Bg4 4. Nbd2 e6 5. Ne5 Bh5 6. c3 Bd6 7. Qb3 Qc8 8. e3
O-O 9. h3 Nbd7 10. Nd3 Bg6 11. Bxd6 cxd6 12. Nf4 Ne4 13. Nxe4 Bxe4 14. Bd3 Nf6
15. Bxe4 Nxe4 16. Qc2 e5 17. Nxd5 {Black resigns} 1-0

[Event "Team 45 45 League T54"]
[Site "Internet Chess Club"]
[Date "2012.09.01"]
[Round "3"]
[White "medsurg"]
[Black "AnthonySinkface"]
[Result "0-1"]
[WhiteElo "1329"]
[BlackElo "1111"]
[Opening "English: symmetrical, Benoni formation"]
[ECO "A31"]
[Time "04:01:15"]
[TimeControl "2700+45"]

1. d4 Nf6 2. c4 c5 3. Nf3 d6 4. Nc3 Nbd7 5. e3 g6 6. Bd3 Bg7 7. O-O O-O 8. d5
Re8 9. Rb1 e6 10. Qc2 Nf8 11. b4 exd5 12. Nxd5 Bg4 13. Ng5 Nxd5 14. f3 {White
resigns} 0-1

[Event "Team 45 45 League T54"]
[Site "Internet Chess Club"]
[Date "2012.09.03"]
[Round "3"]
[White "WzeroMN"]
[Black "Katrina"]
[Result "0-1"]
[WhiteElo "1024"]
[BlackElo "1308"]
[Opening "Ruy Lopez: Anderssen variation"]
[ECO "C77"]
[Time "12:00:27"]
[TimeControl "2700+45"]

1. e4 e5 2. Nf3 Nc6 3. Bb5 a6 4. Ba4 Nf6 5. d3 b5 6. Bb3 Bb7 7. O-O Bc5 8. Bg5
Nd4 9. Nxd4 Bxd4 10. Bxf6 Qxf6 11. c3 Bc5 12. Nd2 O-O 13. Qf3 Qe7 14. Qg3 Kh8
15. Nf3 Bd6 16. d4 exd4 17. e5 Bc5 18. cxd4 Bb6 19. Rfe1 Qb4 20. d5 f5 21. exf6
Rxf6 22. Ne5 Qd2 23. Nf3 Qxb2 24. Rab1 Qa3 25. Re2 c6 26. dxc6 Bxc6 27. Rbe1 d6
28. Bd5 Bxd5 29. Re8+ Rxe8 30. Rxe8+ Bg8 31. h3 h6 32. Qg4 Qxa2 33. Nh4 Bxf2+
34. Kh2 Bxh4 35. Qxh4 Qf7 36. Re2 d5 37. Kg1 Rf1+ 38. Kh2 Qc7+ {White resigns}
0-1

[Event "Team 45 45 League T54"]
[Site "Internet Chess Club"]
[Date "2012.09.04"]
[Round "3"]
[White "Hal2001"]
[Black "moomaster"]
[Result "0-1"]
[WhiteElo "1630"]
[BlackElo "1729"]
[Opening "French: Two knights variation"]
[ECO "C00"]
[Time "19:01:01"]
[TimeControl "2700+45"]

1. e4 e6 2. Nf3 d5 3. Nc3 c5 4. exd5 exd5 5. Bb5+ Bd7 6. Qe2+ Be7 7. Nxd5 Bc6 8.
Bxc6+ Nxc6 9. Nxe7 Ngxe7 10. O-O O-O 11. d3 Re8 12. Re1 Nf5 13. Qxe8+ Qxe8 14.
Rxe8+ Rxe8 15. c3 Rd8 16. Ne1 Ne5 17. d4 cxd4 18. Bf4 Nc6 19. Rd1 dxc3 20. Rxd8+
Nxd8 21. bxc3 Ne6 22. Bb8 a6 23. Nd3 Ne7 24. Ba7 Nd5 25. c4 Nc3 26. a3 Nb1 27.
a4 Nd2 28. c5 Nd4 29. Nb2 Ne2+ 30. Kh1 f6 31. g3 Kf7 32. f4 Ke6 33. Kg2 Kd5 34.
Kf2 Nd4 35. Nd1 Ne4+ 36. Ke3 Nf5+ 37. Kd3 Nxc5+ 38. Bxc5 Kxc5 39. Kc3 b5 40.
axb5 axb5 41. Kb3 Nd4+ 42. Kc3 Nf3 43. h3 Ng1 44. h4 Ne2+ {White resigns} 0-1

[Event "Team 45 45 League T54"]
[Site "Internet Chess Club"]
[Date "2012.09.04"]
[Round "3"]
[White "houseofcook"]
[Black "Bryant-L"]
[Result "0-1"]
[WhiteElo "1493"]
[BlackElo "1452"]
[Opening "Sicilian: Grand Prix attack"]
[ECO "B23"]
[Time "14:00:17"]
[TimeControl "2700+45"]

1. e4 c5 2. Nc3 Nc6 3. f4 e6 4. Nf3 d5 5. Bb5 Ne7 6. O-O Qb6 7. Kh1 d4 8. Bxc6+
Qxc6 9. Ne2 Qxe4 10. d3 Qd5 11. Ng3 Nf5 12. Qe1 Bd6 13. Ne4 b6 14. Nxd6+ Nxd6
15. Qe5 Qxe5 16. fxe5 Nf5 17. Nd2 Ne3 18. Rf2 Nxc2 19. Rb1 Ba6 20. Nc4 Bxc4 21.
dxc4 Nb4 22. a3 Nc6 23. Bf4 O-O-O 24. b4 cxb4 25. axb4 Rd7 26. b5 Ne7 27. g4 Ng6
28. Bg3 h5 29. gxh5 Rxh5 30. Rbf1 Nxe5 31. Bxe5 Rxe5 32. Rxf7 d3 33. Rxd7 Kxd7
34. Rf7+ Kd6 35. Rf3 Re1+ 36. Kg2 Re2+ 37. Kf1 Rxh2 38. Rxd3+ Kc5 39. Rd7 Kxc4
40. Rxa7 Kxb5 41. Rxg7 Kc4 42. Rg6 b5 43. Rxe6 b4 44. Kg1 Rd2 45. Rc6+ Kd3 46.
Rd6+ Kc2 47. Rc6+ Kb2 48. Kf1 b3 49. Ke1 Rc2 50. Rb6 Ka2 51. Kd1 Rc8 52. Ra6+
Kb1 53. Kd2 b2 54. Kd1 Rc5 55. Kd2 Rc4 56. Kd1 Rd4+ 57. Ke2 Kc2 58. Rc6+ Kb3
{White resigns} 0-1

[Event "Team 45 45 League T54"]
[Site "Internet Chess Club"]
[Date "2012.09.01"]
[Round "3"]
[White "DutchBird"]
[Black "MateIn42"]
[Result "1-0"]
[WhiteElo "1390"]
[BlackElo "1368"]
[Opening "Bishop's opening/Petrov: Urusov gambit"]
[ECO "C24"]
[Time "11:05:39"]
[TimeControl "2700+45"]

1. e4 e5 2. Bc4 Nf6 3. d4 exd4 4. Nf3 d5 5. exd5 Qe7+ 6. Be2 Bg4 7. O-O Nbd7 8.
Qxd4 Qc5 9. Nc3 Qxd4 10. Nxd4 Bc5 11. Be3 O-O 12. Rfe1 Rad8 13. Rad1 Bxe2 14.
Ndxe2 Rfe8 15. Bxc5 Nxc5 16. Nf4 g5 17. Nfe2 Re5 18. f4 gxf4 19. Nxf4 Rxe1+ 20.
Rxe1 Kf8 21. Kf2 c6 22. dxc6 bxc6 23. Kf3 Rd2 24. Re2 Rxe2 25. Ncxe2 Ke7 26. Nd4
Kd6 27. Nf5+ Ke5 28. Nh6 Nfe4 29. Nxf7+ Kf6 30. Nd8 Nd2+ 31. Ke3 Nf1+ 32. Kd4
Kf5 33. Kxc5 Kxf4 34. Nxc6 Nxh2 35. Nxa7 Ng4 36. b4 Ne3 37. b5 Ng4 38. b6 Nf6
39. b7 Nd7+ 40. Kd6 Nb8 41. Nc6 Na6 42. b8=Q Nxb8 43. Nxb8 h5 44. a4 Kg3 45. a5
{Black resigns} 1-0

[Event "Team 45 45 League T54"]
[Site "Internet Chess Club"]
[Date "2012.08.31"]
[Round "3"]
[White "Visin"]
[Black "arconia"]
[Result "0-1"]
[WhiteElo "1219"]
[BlackElo "1344"]
[Opening "Sicilian: Taimanov variation"]
[ECO "B46"]
[Time "13:01:15"]
[TimeControl "2700+45"]

1. e4 c5 2. Nf3 Nc6 3. d4 cxd4 4. Nxd4 e6 5. Nc3 a6 6. a3 Be7 7. Nf3 d6 8. Bd3
Nf6 9. O-O O-O 10. b4 e5 11. h3 h6 12. Be3 Be6 13. Qe2 b5 14. Rad1 Nh7 15. Qd2
Qe8 16. Be2 f5 17. Nd5 Bd8 18. exf5 Bxf5 19. Nc3 Nf6 20. Nh2 Bc7 21. Nd5 Nxd5
22. Qxd5+ Be6 23. Qd2 Rd8 24. Bf3 d5 25. Bc5 Rf6 26. Rfe1 e4 27. Bg4 Bxh2+ 28.
Kxh2 Bxg4 29. hxg4 Qg6 30. Qe2 Ne5 31. f3 h5 32. Be7 hxg4 33. Bxf6 g3+ 34. Kh3
gxf6 35. f4 Qf5+ 36. Kxg3 Qg6+ 37. Kf2 Ng4+ 38. Kg1 f5 39. g3 Qh6 40. Qg2 Kf7
41. Qh1 Qb6+ 42. Kf1 Qf2# {White checkmated} 0-1

[Event "Team 45 45 League T54"]
[Site "Internet Chess Club"]
[Date "2012.09.03"]
[Round "3"]
[White "chrisgianno"]
[Black "krysto"]
[Result "0-1"]
[WhiteElo "1644"]
[BlackElo "1574"]
[Opening "Torre attack (Tartakower variation)"]
[ECO "D03"]
[Time "15:07:53"]
[TimeControl "2700+45"]

1. d4 Nf6 2. Bg5 d5 3. Nf3 e6 4. e3 c5 5. c3 Nc6 6. Bd3 Be7 7. Nbd2 h6 8. Bxf6
Bxf6 9. O-O cxd4 10. exd4 O-O 11. Rc1 a6 12. Bb1 e5 13. dxe5 Nxe5 14. Qc2 g6 15.
Nd4 Qd6 16. f4 Ng4 17. Rf3 Bxd4+ 18. cxd4 Bf5 19. Qc7 Qb4 20. Bxf5 Qxd4+ 21. Kh1
Nf2+ 22. Rxf2 Qxf2 23. Bh3 Qxd2 24. Rf1 Rae8 25. Qb6 Re1 26. g3 Rfe8 27. f5 Qe2
28. Qg1 Rxf1 29. Bxf1 Qf3+ 30. Bg2 Qxf5 31. Qd1 Qe5 32. Bf1 Qe1 33. Qf3 b5 34.
Qf6 Re6 35. Qd8+ Kg7 36. Kg2 Rf6 37. Bxb5 axb5 38. Kh3 Qf1+ 39. Kg4 Qf5+ 40. Kh4
Qh5# {White checkmated} 0-1

[Event "Team 45 45 League T54"]
[Site "Internet Chess Club"]
[Date "2012.09.03"]
[Round "3"]
[White "BotanicalKnight"]
[Black "MickyMcMonigle"]
[Result "1/2-1/2"]
[WhiteElo "1525"]
[BlackElo "1501"]
[Opening "Bishop's opening: Berlin defense"]
[ECO "C24"]
[Time "19:02:04"]
[TimeControl "2700+45"]

1. e4 e5 2. Bc4 Nf6 3. d3 Nc6 4. Nc3 Na5 5. Nge2 Nxc4 6. dxc4 Bc5 7. O-O d6 8.
Bg5 h6 9. Bh4 g5 10. Bg3 Bg4 11. Qd3 Qd7 12. Nd5 Nxd5 13. cxd5 f5 14. exf5 Bxf5
15. Qc3 Qe7 16. b4 {Game drawn by mutual agreement} 1/2-1/2

[Event "Team 45 45 League T54"]
[Site "Internet Chess Club"]
[Date "2012.08.31"]
[Round "3"]
[White "IanT"]
[Black "Elalfer"]
[Result "0-1"]
[WhiteElo "1545"]
[BlackElo "1418"]
[Opening "Sicilian: Alapin's variation (2.c3)"]
[ECO "B22"]
[Time "09:00:09"]
[TimeControl "2700+45"]

1. e4 c5 2. c3 Nf6 3. e5 Nd5 4. d4 cxd4 5. cxd4 e6 6. Nf3 Nc6 7. Bc4 Nb6 8. Bb3
d5 9. O-O Be7 10. Nc3 O-O 11. Be3 Bd7 12. Rc1 a5 13. Bc2 Nc4 14. Bf4 Nxb2 15.
Qe2 Nc4 16. Rfd1 Bb4 17. Bb1 Ba3 18. Rc2 Nb4 19. h3 Nxc2 20. Qxc2 g6 21. Nh2 b5
22. Ng4 Be7 23. g3 Rc8 24. h4 b4 25. Ne2 Ne3 26. Qd3 Nxd1 27. h5 Nc3 28. Nh6+
Kh8 29. Nxc3 Rxc3 30. Qd2 Qc7 31. hxg6 fxg6 32. Ng4 Rxf4 33. Qxf4 Rc1+ 34. Kg2
Rxb1 35. Nh6 Be8 36. Nf7+ Bxf7 37. Qxf7 Qd7 38. g4 b3 39. axb3 Rxb3 40. f4 a4
41. g5 a3 42. f5 exf5 43. e6 Qd8 44. Kf2 a2 45. Qf6+ Bxf6 46. gxf6 Qxf6 47. e7
Qxe7 48. Kg2 a1=Q 49. Kf2 Qa2+ 50. Kf1 Rb1# {White checkmated} 0-1

[Event "Team 45 45 League T54"]
[Site "Internet Chess Club"]
[Date "2012.09.02"]
[Round "3"]
[White "tamky70"]
[Black "SeniorCitizen"]
[Result "1/2-1/2"]
[WhiteElo "1407"]
[BlackElo "1350"]
[Opening "English opening"]
[ECO "A20"]
[Time "09:31:54"]
[TimeControl "2700+45"]

1. c4 e5 2. g3 d6 3. Bg2 Nf6 4. Nc3 Be7 5. e3 O-O 6. Nge2 Nbd7 7. O-O Rb8 8. Nb5
a6 9. Na7 c5 10. Nxc8 Qxc8 11. Nc3 Nb6 12. b3 Qd7 13. d3 d5 14. e4 dxc4 15. dxc4
Qxd1 16. Rxd1 Rfd8 17. Bg5 Rxd1+ 18. Rxd1 Rd8 19. Nd5 Nbxd5 20. exd5 Rd7 21. Bh3
Rd8 22. Bxf6 Bxf6 23. Bg2 Kf8 24. Kf1 Rd6 25. h4 h6 26. f3 a5 27. Ke2 Be7 28.
Bh3 f6 29. Be6 Rb6 30. Rd3 Bd6 31. g4 a4 32. h5 axb3 33. Rxb3 Rxb3 34. axb3 Ke7
35. Kd3 b6 36. Bc8 Kf7 37. Ke4 Kf8 38. Kf5 Ke7 39. Kg6 Kf8 40. Bb7 Be7 41. Kf5
Kf7 42. Bc6 Bd6 43. Bd7 Ke7 44. Bc8 Kf7 45. Be6+ Kf8 46. Kg6 Be7 47. Kf5 Bd6 48.
Kg6 Be7 49. Kf5 Bd6 50. Bd7 Kf7 51. Bc6 Bc7 {Game drawn by mutual agreement}
1/2-1/2

[Event "Team 45 45 League T54"]
[Site "Internet Chess Club"]
[Date "2012.08.31"]
[Round "3"]
[White "burnsy"]
[Black "trifire"]
[Result "1-0"]
[WhiteElo "1476"]
[BlackElo "1374"]
[Opening "Sicilian"]
[ECO "B50"]
[Time "21:00:38"]
[TimeControl "2700+45"]

1. e4 c5 2. Nf3 d6 3. Bc4 Nf6 4. d3 g6 5. c3 Bg7 6. Nbd2 d5 7. exd5 Nxd5 8. Ne4
b6 9. Qb3 Bb7 10. Bb5+ Nc6 11. Nfg5 O-O 12. h4 a6 13. Bxc6 Bxc6 14. h5 Nf6 15.
hxg6 Bd5 16. Nxf6+ exf6 17. gxf7+ Rxf7 18. c4 Bxc4 19. Qxc4 fxg5 20. Be3 Bxb2
21. Rb1 Qf6 22. Rh3 Kf8 23. Kf1 g4 24. Qxg4 Re8 25. Bh6+ Ke7 26. Bg5 {Black
resigns} 1-0

[Event "Team 45 45 League T54"]
[Site "Internet Chess Club"]
[Date "2012.08.31"]
[Round "3"]
[White "chesschessboy"]
[Black "Berke"]
[Result "0-1"]
[WhiteElo "1342"]
[BlackElo "1503"]
[Opening "two knights defense: Fritz variation"]
[ECO "C57"]
[Time "18:00:06"]
[TimeControl "2700+45"]

1. e4 e5 2. Nf3 Nc6 3. Bc4 Nf6 4. Ng5 d5 5. exd5 Nd4 6. c3 Nf5 7. d3 Nd6 8. O-O
Be7 9. Re1 h6 10. Rxe5 Ng4 11. Nxf7 Kxf7 12. Qf3+ Bf6 13. Re1 Re8 14. Qd1 Rxe1+
15. Qxe1 Nxc4 16. dxc4 Qd6 17. g3 Bf5 18. Bf4 Qb6 19. b3 Re8 20. Qd2 Ne5 21. Qe3
Nxc4 22. Qxb6 Re1+ 23. Kg2 Nxb6 24. Bd2 Rxb1 25. Rxb1 Bxb1 26. a3 Be4+ 27. f3
Bxd5 28. c4 Bc6 29. Bf4 Bd8 30. Kf2 Ke6 31. Ke3 g5 32. Bxg5 hxg5 33. f4 gxf4+
34. gxf4 Kf5 35. b4 a6 36. c5 Nc4+ 37. Kd3 Nxa3 {White resigns} 0-1

[Event "Team 45 45 League T54"]
[Site "Internet Chess Club"]
[Date "2012.09.02"]
[Round "3"]
[White "Iowa-Archer"]
[Black "tornado100"]
[Result "1-0"]
[WhiteElo "1373"]
[BlackElo "1308"]
[Opening "Sicilian: Grand Prix attack"]
[ECO "B21"]
[Time "19:30:06"]
[TimeControl "2700+45"]

1. e4 c5 2. f4 Nc6 3. Nf3 g6 4. Bc4 a6 5. Nc3 b5 6. Bd5 Bb7 7. d4 c4 8. g4 e6 9.
Bxc6 Bxc6 10. g5 d5 11. e5 Ne7 12. h4 Nf5 13. Bd2 Qb6 14. Bc1 Bg7 15. Qd2 h6 16.
gxh6 Rxh6 17. Qf2 b4 18. Ne2 a5 19. c3 a4 20. cxb4 Qxb4+ 21. Nc3 a3 22. O-O Ke7
23. Rb1 Rah8 24. Bd2 Qb7 25. bxa3 Qa8 26. Nb5 Nxh4 27. Bb4+ Kd7 28. Nd6 Nf5 29.
Nxf7 Rh1+ 30. Kg2 Rxf1 31. Rxf1 Rh4 32. Nxh4 Nxh4+ 33. Qxh4 Qe8 34. Ng5 Ba4 35.
Qh7 Qh8 36. Qxh8 Bxh8 37. Rh1 Bxe5 38. fxe5 Bc2 39. Rh6 Bb1 40. Rh7+ Kc6 41.
Nxe6 Bxa2 42. Nd8+ Kb5 43. e6 Ka4 44. e7 Kb3 45. e8=Q c3 46. Bxc3 Kxc3 47. Qe3+
Kc4 48. Qe2+ Kxd4 49. Qxa2 Ke3 50. Qxd5 g5 51. Qxg5+ Kd4 52. Qe7 Kd5 53. Nf7 Kc6
54. Rh8 Kb5 55. Qc7 Ka4 56. Qb7 Kxa3 57. Ra8# {Black checkmated} 1-0

[Event "Team 45 45 League T54"]
[Site "Internet Chess Club"]
[Date "2012.09.01"]
[Round "3"]
[White "Just-Jim"]
[Black "semperfi"]
[Result "1-0"]
[WhiteElo "1377"]
[BlackElo "1289"]
[Opening "French: Steinitz attack"]
[ECO "C00"]
[Time "12:00:44"]
[TimeControl "2700+45"]

1. e4 e6 2. e5 d6 3. exd6 Bxd6 4. d4 Nf6 5. Nf3 O-O 6. Bg5 Nbd7 7. c4 Bb4+ 8.
Nbd2 c5 9. a3 Ba5 10. dxc5 Bxd2+ 11. Qxd2 Nxc5 12. Qxd8 Rxd8 13. Bxf6 gxf6 14.
Be2 Bd7 15. b4 Ne4 16. O-O Ba4 17. Bd1 Bd7 18. Bc2 Ng5 19. Nh4 e5 20. f4 Ne6 21.
fxe5 fxe5 22. Rf3 Ng5 23. Rg3 f6 24. Nf3 h6 25. h4 Kf7 26. hxg5 hxg5 27. Rf1 Ke7
28. Nd2 Be6 29. Ne4 Rf8 30. Rgf3 f5 31. Nxg5 e4 32. Bxe4 Bxc4 33. Bd3 Bxd3 34.
Rxd3 Rad8 35. Re3+ Kf6 36. Nh7+ Kg6 37. Nxf8+ Rxf8 38. Ref3 b6 39. g4 {Black
resigns} 1-0

[Event "Team 45 45 League T54"]
[Site "Internet Chess Club"]
[Date "2012.09.01"]
[Round "3"]
[White "RobertBuice"]
[Black "kingsrook"]
[Result "0-1"]
[WhiteElo "1047"]
[BlackElo "1305"]
[Opening "QGD Slav/Grünfeld: Schlechter variation"]
[ECO "D11"]
[Time "18:45:11"]
[TimeControl "2700+45"]

1. d4 d5 2. c4 c6 3. Nf3 g6 4. Nc3 Nf6 5. Bf4 Bg7 6. e3 Nbd7 7. Qc2 O-O 8. Rc1
dxc4 9. Bxc4 Nb6 10. Bd3 Nbd5 11. O-O Nb4 12. Qd2 Nxd3 13. Qxd3 Nd5 14. Nxd5
cxd5 15. a4 Bf5 16. Qb3 Qb6 17. Qxd5 Qxb2 18. Rc7 Rfd8 19. Qxb7 Qxb7 20. Rxb7
Rd7 21. Rxd7 Bxd7 22. Be5 Bxa4 23. Bxg7 Kxg7 24. h3 a5 25. Rc1 Be8 26. Nd2 a4
27. Rc7 e6 28. g4 h6 29. Kf1 Bb5+ 30. Ke1 a3 31. Nb3 Ba4 32. Na1 a2 33. Kd2 Bb5
34. Rb7 Bc6 35. Rc7 Bg2 36. Kc1 Bxh3 37. f3 Bg2 38. f4 Bf3 39. g5 h5 40. Rc2 h4
41. Rf2 Bd5 42. Rh2 Be4 43. Rxh4 Rb8 44. Rh2 Rb1+ 45. Kd2 Rxa1 46. Kc3 Rc1+ 47.
Kb2 a1=Q+ 48. Kb3 Bd5+ 49. Kb4 Qb1+ 50. Rb2 Qxb2+ 51. Ka4 Ra1# {White
checkmated} 0-1

[Event "Team 45 45 League T54"]
[Site "Internet Chess Club"]
[Date "2012.09.02"]
[Round "3"]
[White "johnnyw"]
[Black "artspir"]
[Result "0-1"]
[WhiteElo "1094"]
[BlackElo "1180"]
[Opening "KP: Nimzovich defense"]
[ECO "B00"]
[Time "15:00:07"]
[TimeControl "2700+45"]

1. e4 Nc6 2. Nf3 d6 3. h3 e5 4. Bb5 Nf6 5. d3 a6 6. Ba4 b5 7. Bb3 Be7 8. c3 O-O
9. Nbd2 Na5 10. Bc2 c5 11. O-O c4 12. d4 exd4 13. cxd4 d5 14. e5 Nd7 15. Re1 Bb4
16. a3 Bxd2 17. Bxd2 Re8 18. Ng5 g6 19. Qf3 Re7 20. h4 Nc6 21. h5 Nxd4 22. hxg6
Nxf3+ 23. gxf3 fxg6 24. e6 Nf6 25. Nf7 Rxf7 26. Bb4 Re7 27. Bxe7 Qxe7 {White
resigns} 0-1

[Event "Team 45 45 League T54"]
[Site "Internet Chess Club"]
[Date "2012.09.04"]
[Round "3"]
[White "Cicero"]
[Black "Goldenberg"]
[Result "0-1"]
[WhiteElo "1341"]
[BlackElo "1591"]
[Opening "Queen's pawn game"]
[ECO "D02"]
[Time "17:45:37"]
[TimeControl "2700+45"]

1. d4 d5 2. Nf3 Bg4 3. Nbd2 Bxf3 4. Nxf3 e6 5. e3 c5 6. c3 Nc6 7. Bd3 a6 8. O-O
c4 9. Bc2 Nf6 10. Re1 Be7 11. b3 b5 12. a4 O-O 13. axb5 axb5 14. Bd2 Qc7 15. e4
Rfe8 16. e5 Nd7 17. Bg5 Bxg5 18. Nxg5 h6 19. Rxa8 Rxa8 20. Qh5 Nb6 21. Bh7+ Kf8
22. Bg6 Nd8 23. Bxf7 cxb3 24. Bg8 b2 25. Nh7+ Kxg8 26. Nf6+ gxf6 27. Qg6+ Qg7
28. Qe8+ Kh7 29. exf6 Ra1 30. Kf1 Rxe1+ 31. Kxe1 b1=Q+ 32. Ke2 Qc2+ 33. Kf3
Qxc3+ 34. Kf4 Qxd4+ 35. Kf3 Qgxf6+ 36. Ke2 Qfxf2# {White checkmated} 0-1

[Event "Team 45 45 League T54"]
[Site "Internet Chess Club"]
[Date "2012.08.30"]
[Round "3"]
[White "vjbaker"]
[Black "arconia"]
[Result "1-0"]
[WhiteElo "1400"]
[BlackElo "1333"]
[Opening "Sicilian defense"]
[ECO "B30"]
[Time "17:00:08"]
[TimeControl "2700+45"]

1. e4 c5 2. Nf3 Nc6 3. Bc4 e6 4. d3 d6 5. Nc3 a6 6. Bf4 Be7 7. Ne2 Nf6 8. Ng3 e5
9. Bg5 h6 10. Bxf6 Bxf6 11. c3 O-O 12. O-O Be6 13. Bxe6 fxe6 14. Qb3 Qd7 15. Nd2
b5 16. f4 d5 17. exd5 exd5 18. f5 c4 19. Qc2 Bh4 20. dxc4 d4 21. cxb5 axb5 22.
Nde4 Qd5 23. Qb3 Qxb3 24. axb3 Rxa1 25. Rxa1 Ne7 26. cxd4 exd4 27. Rd1 Nxf5 28.
Nxf5 Rxf5 29. Rxd4 Re5 30. g3 Be7 31. Kf2 Kh7 32. Kf3 Rh5 33. h4 Rf5+ 34. Kg4
Rf8 35. Nd6 Bxd6 36. Rxd6 Rf2 37. Rb6 Rxb2 38. Rxb5 Rd2 39. Rb8 Rd4+ 40. Kh3 h5
41. b4 Rd1 42. Rc8 Rd6 43. Rc1 Kg6 44. b5 Kf5 45. Rc6 Rd5 46. b6 g5 47. b7 g4+
48. Kg2 Rd2+ 49. Kf1 Rd1+ 50. Ke2 Rb1 51. Rc5+ Ke4 52. Rc7 Rb2+ 53. Kd1 Rb1+ 54.
Kc2 Rb6 55. Rf7 Ke3 56. Kc3 Rb1 57. Kc4 Rc1+ 58. Kb5 Rb1+ 59. Kc6 Rc1+ 60. Kd7
Rb1 61. Kc8 Rxb7 62. Kxb7 Ke2 63. Kc6 Ke1 64. Rf4 Ke2 65. Kd5 Ke3 66. Re4+ Kf3
67. Kd4 Kxg3 68. Ke3 Kxh4 69. Kf4 Kh3 70. Re3+ g3 71. Rxg3+ Kh4 72. Rg8 Kh3 73.
Kg5 h4 74. Kh5 Kh2 75. Kxh4 Kh1 76. Kg3 Kg1 77. Rf8 Kh1 78. Rf1# {Black
checkmated} 1-0